 Dungeon Crawl Stone Soup version 0.26-a0-61-g6c07f0ee8d (webtiles) character file.

Game seed: 4500887217909341724

65845 Lauz the Thaumaturge (level 14, -17/84 HPs)
             Began as a Deep Elf Conjurer on June 9, 2020.
             Was a High Priest of Vehumet.
             Killed from afar by a fire dragon (43 damage)
             ... with a blast of flame
             ... on level 6 of the Lair of Beasts.
             The game lasted 02:01:13 (26741 turns).

Lauz the Thaumaturge (Deep Elf Conjurer)           Turns: 26741, Time: 02:01:16

Health: -17/84     AC: 11    Str:  7    XL:     14   Next: 77%
Magic:  10/43      EV: 19    Int: 32    God:    Vehumet [*****.]
Gold:   1579       SH:  6    Dex: 19    Spells: 4/42 levels left

rFire    . . .     SeeInvis +   a - staff of energy
rCold    + . .     Gourm    .   W - +0 buckler
rNeg     . . .     Faith    .   M - +2 robe {rC+}
rPois    .         Spirit   .   n - +0 helmet {SInv}
rElec    .         Reflect  .   x - +2 cloak {rCorr}
rCorr    +         Harm     .   e - +1 pair of gloves
MR       +....                  y - +0 pair of boots
Stlth    ++........             p - amulet of regeneration
HPRegen  0.64/turn              X - +6 ring of intelligence
MPRegen  0.28/turn              I - ring "Nacuw" {+Blink MP+9 Str+2 Dex+4 SInv}

@: lethally poisoned (-17 -> -18)
A: no striking features
a: Renounce Religion, Evoke Blink


You were on level 6 of the Lair of Beasts.
You worshipped Vehumet.
Vehumet was extremely pleased with you.
You were not hungry.

You visited 3 branches of the dungeon, and saw 20 of its levels.
You also visited: Gauntlet and Ice Cave.

You collected 1579 gold pieces.

Inventory:

Hand Weapons
 d - the +6 hand axe of Eternal Vigilance {flame, rC+}
   (You found it in an ice cave)

   It has been specially enchanted to burn those struck by it, causing extra
   injury to most foes and up to half again as much damage against particularly
   susceptible opponents.
   Big, fiery blades are also staple armaments of hydra-hunters.
   It protects you from cold.
 D - the +10 falchion of the Penguin {speed, rN+ Stlth+}
   (You found it on level 7 of the Dungeon)

   Attacks with this weapon are significantly faster.
   It protects you from negative energy.
   It makes you more stealthy.
Missiles
 F - 546 stones (quivered)
Armour
 e - a +1 pair of gloves (worn)
 k - the -5 pair of gloves of the Other World {Int+3}
   (You found it in a Gauntlet)

   It affects your intelligence (+3).
 n - a +0 helmet of see invisible (worn)
 x - a +2 cloak of preservation (worn)
 y - a +0 pair of boots (worn)
 M - a +2 robe of cold resistance (worn)
 W - a +0 buckler (worn)
Magical Staves
 a - an uncursed staff of energy (weapon)
Jewellery
 p - an amulet of regeneration (around neck)
 s - an uncursed ring of protection from fire
 E - an uncursed ring of protection from fire
 H - an uncursed ring of resist corrosion
 I - the ring "Nacuw" (right hand) {+Blink MP+9 Str+2 Dex+4 SInv}
   (You found it in a Gauntlet)

   [ring of magical power]

   It affects your strength (+2).
   It affects your dexterity (+4).
   It affects your magic capacity (+9).
   It lets you see invisible.
   It lets you blink.
 U - a +6 ring of strength
 V - an uncursed amulet of reflection
 X - a +6 ring of intelligence (left hand)
Wands
 m - a wand of clouds (5)
 A - a wand of flame (69)
 G - a wand of random effects (23)
 L - a wand of polymorph (8)
 O - a wand of paralysis (10)
 R - a wand of acid (9)
 T - a wand of enslavement (5)
 Z - a wand of iceblast (33)
Scrolls
 b - 2 scrolls of identify
 g - 3 scrolls of fog
 h - 5 scrolls of amnesia
 l - 12 scrolls of remove curse
 q - 7 scrolls of teleportation
 v - 2 scrolls of enchant armour
 B - 4 scrolls of noise
 J - a scroll of enchant weapon
 Y - a scroll of blinking
Potions
 f - 5 potions of curing
 i - 3 potions of ambrosia
 j - 2 potions of resistance
 r - 5 potions of lignification
 t - 7 potions of haste
 u - 3 potions of brilliance
 w - 3 potions of might
 z - a potion of heal wounds
 C - a potion of berserk rage
 K - a potion of stabbing
 N - a potion of invisibility
 P - a potion of flight
 Q - 3 potions of cancellation
 S - 2 potions of mutation
Comestibles
 c - 34 rations


   Skills:
 + Level 8.6 Fighting
 - Level 1.0 Axes
 + Level 9.1 Dodging
 - Level 2.4 Stealth
 - Level 5.0 Shields
 - Level 14.8 Spellcasting
 - Level 14.0 Conjurations
 - Level 10.0 Hexes
 * Level 5.7 Charms
 + Level 8.1 Translocations
 + Level 10.5 Fire Magic
 - Level 0.7 Evocations


You had 4 spell levels left.
You knew the following spells:

 Your Spells              Type           Power        Failure   Level  Hunger
a - Magic Dart            Conj           ####         0%          1    None
b - Searing Ray           Conj           ######       0%          2    None
c - Fireball              Conj/Fire      #######...   1%          5    None
d - Conjure Flame         Conj/Fire      #######.     1%          3    None
e - Fulminant Prism       Conj/Hex       #######...   1%          4    None
f - Iskenderun's Mystic   Conj/Tloc      #######.     1%          4    None
g - Airstrike             Air            ###.......   5%          4    None
h - Apportation           Tloc           ######       1%          1    None
i - Swiftness             Chrm/Air       #####...     1%          2    None
j - Starburst             Conj/Fire      #######...   1%          6    None
k - Iron Shot             Conj/Erth      ######....   4%          6    None

Your spell library contained the following spells:

 Spells                   Type           Power        Failure   Level  Hunger
 Conjure Ball Lightning   Conj/Air       ######....   4%          6    None
 Animate Skeleton         Necr           N/A          1%          1    None
 Beastly Appendage        Tmut           ###...       1%          1    None
 Corona                   Hex            ######.      1%          1    None
 Shock                    Conj/Air       ####         1%          1    None
 Summon Small Mammal      Summ           ###.         1%          1    None
 Dazzling Flash           Conj/Hex       ######       1%          3    None
 Gell's Gravitas          Tloc           ######....   1%          3    None
 Ignite Poison            Fire/Tmut/Pois #####...     1%          3    None
 Mephitic Cloud           Conj/Pois/Air  ######..     1%          3    None
 Static Discharge         Conj/Air       ######..     1%          3    None
 Tukima's Dance           Hex            ######..     1%          3    None
 Passage of Golubria      Tloc           N/A          1%          4    None
 Bolt of Magma            Conj/Fire/Erth ######....   1%          5    None
 Irradiate                Conj/Tmut      ######....   1%          5    None
 Iskenderun's Battlesphe  Conj/Chrm      ######..     1%          5    None
 Lightning Bolt           Conj/Air       ######....   1%          5    None
 Yara's Violent Unravell  Hex/Tmut       ######....   1%          5    None
 Orb of Destruction       Conj           #######...   1%          7    None
 Spellforged Servitor     Conj/Summ      ######....   22%         7    None
 Ignition                 Fire           ######....   38%         8    None
 Alistair's Intoxication  Tmut/Pois      ###.....     45%         5    None
 Ring of Flames           Chrm/Fire      ######....   50%         7    None


Dungeon Overview and Level Annotations

Branches:
Dungeon (13/15)            Temple (1/1) D:4            Lair (6/6) D:10
 Shoals (0/4) Lair:3        Snake (0/4) Lair:3        Slime (0/5) Lair:5
    Orc (0/2) D:12          IceCv (visited)         Gauntlet (visited)
 Vaults: D:13-14

Altars:
Ashenzari
Cheibriados
Dithmenos
Elyvilon
Fedhas
Kikubaaqudgha
Nemelex Xobeh
Qazlal
Sif Muna
Uskayaw
Vehumet
Yredelemnul
Zin
Jiyva

Shops:
D:12 *

Annotations:
D:3 2 runed translucent doors, PIKKUHERKKO's ghost, weakling DsGl; Sigmund
Lair:5 1 runed translucent door


Message History

You erupt in a blast of force!
The mystic blast hits the fire dragon!!
The fire dragon is heavily wounded.
The fire dragon is knocked back by the mystic blast.
The mystic blast hits the swamp dragon.
The swamp dragon is moderately wounded.
The swamp dragon is knocked back by the mystic blast.
Casting: Iskenderun's Mystic Blast (safe; 1% risk of failure)
Confirm with . or Enter, or press ? or * to list all spells.
Aiming: Fulminant Prism (safe; 1% risk of failure)
Press: ? - help, Dir - move target cursor You conjure a prism of explosive energy!
A fulminant prism comes into view.
Your fulminant prism crackles loudly.
The swamp dragon breathes poison at you.
The blast of poison engulfs you.
You are poisoned.
The fire dragon breathes flames at you. The blast of flame hits you!!!
Ouch! That really hurt!
You die...

♣≈≈≈♣♣ ♣♣..§§.P♣
♣..≈≈♣♣ ♣♣♣...§§≈♣
♣♣.≈≈.♣♣ ♣♣P.≈.§.P♣ .
♣....≈♣♣ ♣♣..≈..†♣♣♣
#.
♣♣♣..D≈♣♣♣..≈....♣.♣
#.
♣♣*D§≈≈.≈≈...♣♣..♣♣##.
♣..§§§≈≈≈........♣#..
♣♣☼§☼§§..≈.....♣♣♣#..
♣♣☼@♣...≈≈≈♣........
♣♣♣§☼...≈.≈≈.≈.≈...
♣♣§P..≈.%≈≈÷≈.÷..
♣♣♣♣P♣..≈...≈≈.†
♣♣♣......♣≈..
#.#....♣P..
#########.. ..#.......
..........


You could see a fire dragon (catching breath), a swamp dragon (catching breath)
and a friendly fulminant prism.

Vanquished Creatures
  A frost giant (IceCv)
  Nessos (Lair:6)
  A minotaur (Gauntlet)
  Snorg (Lair:3)
  Josephine (D:12)
  Fannar (Lair:2)
  Harold (D:8)
  5 hydras
  A catoblepas (Lair:4)
  An ice dragon (Lair:6)
  Erolcha (D:10)
  2 death yaks
  A tengu warrior (D:13)
  An obsidian statue (Gauntlet)
  A necromancer (Lair:3)
  2 wolf spiders (Lair:6)
  2 ugly things
  3 cyclopes
  6 oklob plants
  6 elephants (Lair:5)
  Maurice (D:8)
  An ice statue (IceCv)
  Psyche (D:7)
  8 black mambas
  A guardian serpent (Lair:6)
  A torpor snail (Lair:5)
  12 spiny frogs
  A smoke demon (Gauntlet)
  2 rime drakes
  A minotaur zombie (Gauntlet)
  A centaur skeleton (D:13)
  2 kobold demonologists (D:11)
  A tengu conjurer (D:13)
  11 komodo dragons
  A queen bee (D:8)
  9 polar bears
  2 trolls
  A hornet (D:10)
  10 hippogriffs
  5 dream sheep (Lair:5)
  A meliai zombie (D:11)
  20 blink frogs
  7 wraiths
  A shadow (D:7)
  A redback (Lair:5)
  22 yaks
  A fire elemental (Lair:2)
  7 wyverns
  4 basilisks
  Grum (D:8)
  A hungry ghost (D:9)
  2 vampire mosquitoes (D:12)
  3 acid dragons
  27 water moccasins
  A hydra simulacrum (Gauntlet)
  10 porcupines
  4 swamp drakes (Lair:6)
  An elephant zombie (Lair:3)
  5 sky beasts
  10 ice beasts
  3 black bears
  3 orc warriors
  2 phantoms (D:8)
  24 wolves
  4 centaurs
  3 ogres
  An eye of draining (D:10)
  11 crocodiles
  5 big kobolds
  19 bullfrogs
  5 scorpions
  3 hornet simulacra (Gauntlet)
  24 killer bees
  10 wights
  3 troll skeletons (D:9)
  A howler monkey (D:6)
  2 electric eels (Lair:3)
  7 crimson imps
  A bullfrog zombie (D:8)
  2 jellies
  Crazy Yiuf (D:2)
  6 orc priests
  9 hounds
  5 human zombies (D:9)
  7 orc wizards
  A basilisk zombie (Lair:3)
  11 iguanas
  Terence (D:2)
  11 worker ants
  A killer bee zombie (D:8)
  2 crocodile zombies (Lair:3)
  2 hound zombies (D:7)
  5 hound skeletons
  A howler monkey zombie (D:8)
  Robin (D:4)
  17 adders
  4 gnolls (D:6)
  3 white imps (Lair:6)
  2 oozes (D:1)
  2 adder skeletons
  3 worms
  3 dart slugs
  2 leopard geckos
  47 orcs
  6 bats
  11 giant cockroaches
  10 goblins
  13 hobgoblins
  5 jackals
  19 kobolds
  3 quokkas
  A ball python (D:4)
  5 frilled lizards
  2 orc zombies (D:9)
  A quokka skeleton (D:8)
  11 rats
  3 bushes (Lair:5)
  7 fungi
  10 plants
627 creatures vanquished.

Vanquished Creatures (others)
  4 polar bears (IceCv)
  A yak (IceCv)
  3 wolves (IceCv)
  2 bushes (Lair:5)
  136 fulminant prisms
  12 fungi
  26 plants
184 creatures vanquished.

Grand Total: 811 creatures vanquished

Notes
Turn   | Place    | Note
-------+----------+-------------------------------------------
     0 | D:1      | Lauz the Deep Elf Conjurer began the quest for the Orb.
     0 | D:1      | Reached XP level 1. HP: 10/10 MP: 6/6
   127 | D:1      | Reached XP level 2. HP: 15/15 MP: 4/8
   201 | D:1      | Reached skill level 5 in Conjurations
   474 | D:1      | Reached XP level 3. HP: 19/19 MP: 1/9
  1120 | D:2      | Found a stormy altar of Qazlal.
  1123 | D:2      | Noticed a fire elemental
  1145 | D:2      | Noticed an earth elemental
  1234 | D:2      | Noticed an air elemental
  1286 | D:2      | Noticed Terence
  1466 | D:1      | Learned a level 2 spell: Searing Ray
  1664 | D:2      | Killed Terence
  1664 | D:2      | Reached XP level 4. HP: 24/24 MP: 1/11
  1859 | D:2      | Found a runed translucent door.
  1860 | D:2      | Noticed Crazy Yiuf
  1883 | D:2      | Noticed a water elemental
  1941 | D:2      | Killed Crazy Yiuf
  2065 | D:3      | Noticed Sigmund
  2469 | D:3      | Reached XP level 5. HP: 28/28 MP: 6/12
  3177 | D:3      | Found a large runed translucent door.
  3177 | D:3      | Found a large runed translucent door.
  3180 | D:3      | Noticed PIKKUHERKKO's ghost (weakling DsGl)
  3818 | D:4      | Reached XP level 6. HP: 32/32 MP: 10/14
  4019 | D:4      | Reached skill level 5 in Spellcasting
  4155 | D:4      | Found a staircase to the Ecumenical Temple.
  4169 | Temple   | Entered the Ecumenical Temple
  4173 | Temple   | Became a worshipper of Vehumet
  4387 | D:4      | Noticed Robin
  4401 | D:4      | Killed Robin
  4556 | D:4      | Found a basalt altar of Yredelemnul.
  5003 | D:5      | Entered Level 5 of the Dungeon
  5725 | D:6      | Noticed an orc warrior
  5886 | D:6      | Reached * piety under Vehumet
  5886 | D:6      | Offered knowledge of Sandblast by Vehumet.
  5889 | D:6      | Learned a level 1 spell: Sandblast
  5947 | D:6      | Reached XP level 7. HP: 36/36 MP: 10/17
  6021 | D:6      | Found a sparkling altar of Nemelex Xobeh.
  6471 | D:7      | Found a hide-covered altar of Uskayaw.
  6475 | D:7      | Noticed a +0 dagger
  6480 | D:7      | Noticed a +0 hand axe
  6657 | D:7      | Reached XP level 8. HP: 41/41 MP: 11/20
  7011 | D:7      | Got a fading falchion
  7012 | D:7      | Identified the +10 falchion of the Penguin {speed, rN+
                  | Stlth+} (You found it on level 7 of the Dungeon)
  7236 | D:7      | Found a sparkling altar of Nemelex Xobeh.
  7279 | D:7      | Reached ** piety under Vehumet
  7279 | D:7      | Reached skill level 10 in Conjurations
  7280 | D:7      | Offered knowledge of Freeze by Vehumet.
  7460 | D:7      | Found a shadowy altar of Dithmenos.
  7621 | D:8      | Noticed Grum
  7631 | D:7      | Reached skill level 10 in Spellcasting
  7715 | D:8      | Reached XP level 9. HP: 46/46 MP: 21/25
  7787 | D:8      | Killed Grum
  7909 | D:7      | Offered knowledge of Conjure Flame by Vehumet.
  7954 | D:8      | Noticed Harold
  8149 | D:8      | Reached skill level 1 in Fighting
  8163 | D:8      | Reached *** piety under Vehumet
  8283 | D:8      | Learned a level 3 spell: Conjure Flame
  8288 | D:8      | Learned a level 4 spell: Fulminant Prism
  8293 | D:8      | Learned a level 4 spell: Iskenderun's Mystic Blast
  8432 | D:8      | Noticed Maurice
  8443 | D:8      | Killed Maurice
  8729 | D:8      | Killed Harold
  8729 | D:8      | Reached skill level 1 in Hexes
  8729 | D:8      | Reached XP level 10. HP: 53/53 MP: 2/28
  8917 | D:8      | Noticed Psyche
  8924 | D:7      | Killed Psyche
  9367 | D:8      | Offered knowledge of Airstrike by Vehumet.
  9467 | D:8      | Learned a level 4 spell: Airstrike
  9480 | D:8      | Found a stormy altar of Qazlal.
  9541 | D:8      | Found an ancient bone altar of Kikubaaqudgha.
  9616 | D:8      | Reached skill level 1 in Translocations
  9919 | D:8      | Found a shattered altar of Ashenzari.
 10113 | D:9      | Found a glowing silver altar of Zin.
 10253 | D:9      | Found a basalt altar of Yredelemnul.
 10594 | D:9      | Found a white marble altar of Elyvilon.
 10705 | D:9      | Reached skill level 5 in Dodging
 10743 | D:9      | Found an ancient bone altar of Kikubaaqudgha.
 10846 | D:9      | Found a blossoming altar of Fedhas.
 10849 | D:9      | Noticed an oklob plant
 10849 | D:9      | Noticed an oklob plant
 10930 | D:9      | Killed an oklob plant
 11068 | D:9      | Killed an oklob plant
 11159 | D:9      | Reached **** piety under Vehumet
 11165 | D:9      | Reached XP level 11. HP: 60/60 MP: 17/29
 11516 | D:10     | Entered Level 10 of the Dungeon
 11628 | D:10     | Reached skill level 5 in Hexes
 11946 | D:10     | Found a staircase to the Lair.
 11952 | D:10     | Offered knowledge of Irradiate by Vehumet.
 11955 | D:10     | Learned a level 1 spell: Apportation
 12332 | D:10     | Noticed Erolcha
 12355 | D:10     | Killed Erolcha
 12435 | D:10     | Learned a level 2 spell: Swiftness
 12441 | D:10     | Learned a level 5 spell: Lightning Bolt
 12622 | D:11     | Noticed a cyan ugly thing
 12623 | D:11     | Reached skill level 5 in Translocations
 12628 | D:11     | Killed a cyan ugly thing
 13226 | D:11     | You fall into a shaft and drop 1 floor!
 13426 | D:12     | Reached ***** piety under Vehumet
 13453 | D:12     | Offered knowledge of Freezing Cloud by Vehumet.
 13462 | D:12     | Learned a level 6 spell: Freezing Cloud
 13661 | D:12     | Found Lipiefo's Hallowed Reliquary.
 13665 | D:12     | Found a white marble altar of Elyvilon.
 13665 | D:12     | Noticed an angel
 13768 | D:12     | Noticed a cyan ugly thing
 13782 | D:12     | Killed a cyan ugly thing
 13989 | D:12     | Found a staircase to the Orcish Mines.
 14014 | D:12     | Noticed Josephine
 14029 | D:12     | Killed Josephine
 14258 | D:12     | Reached XP level 12. HP: 67/67 MP: 26/30
 14708 | D:13     | Noticed a tengu warrior
 14734 | D:13     | Killed a tengu warrior
 14734 | D:13     | Reached skill level 10 in Hexes
 14944 | Lair:1   | Entered Level 1 of the Lair of Beasts
 15218 | D:10     | Reached skill level 5 in Fighting
 16264 | Lair:2   | Noticed a six-headed hydra
 16271 | Lair:2   | Killed a six-headed hydra
 16315 | Lair:2   | Found a frozen archway.
 16427 | IceCv    | Entered an ice cave
 16741 | IceCv    | Got an ancient hand axe
 16742 | IceCv    | Identified the +6 hand axe of Eternal Vigilance {flame,
                  | rC+} (You found it in an ice cave)
 16769 | IceCv    | Reached skill level 1 in Shields
 17277 | IceCv    | Reached XP level 13. HP: 74/74 MP: 27/33
 17483 | IceCv    | Offered knowledge of Spellforged Servitor by Vehumet.
 17723 | IceCv    | Noticed a frost giant
 18176 | IceCv    | Killed a frost giant
 18918 | Lair:2   | You fall into a shaft and drop 1 floor!
 19018 | Lair:2   | Learned a level 5 spell: Fireball
 19307 | Lair:2   | Noticed Fannar
 19322 | Lair:2   | Killed Fannar
 19322 | Lair:2   | Reached skill level 1 in Fire Magic
 20121 | Lair:3   | Found a staircase to the Snake Pit.
 20440 | Lair:3   | Found a staircase to the Shoals.
 20470 | Lair:3   | Noticed Snorg
 21221 | Lair:3   | Killed Snorg
 21752 | Lair:4   | Reached skill level 5 in Fire Magic
 22197 | Lair:4   | Reached skill level 5 in Shields
 22733 | Lair:4   | Reached skill level 1 in Axes
 22810 | Lair:5   | Identified a scroll of acquirement
 22811 | Lair:5   | Got the Compendium of Translocation and Shape Shifting
 22825 | Lair:5   | Reached XP level 14. HP: 83/83 MP: 26/34
 23008 | Lair:5   | Identified the Catalogue of Entrancing Poison
 23022 | Lair:5   | Found a runed translucent door.
 23022 | Lair:5   | Found a viscous altar of Jiyva.
 23102 | Lair:5   | Found a staircase to the Slime Pits.
 23152 | Lair:5   | Reached skill level 1 in Charms
 23172 | Lair:5   | Found a gate leading to a gauntlet.
 23186 | Gauntlet | Entered a Gauntlet
 23186 | Gauntlet | Found a transporter.
 23186 | Gauntlet | Found a transporter.
 23402 | Gauntlet | Found a transporter.
 23402 | Gauntlet | Found a transporter.
 23405 | Gauntlet | Found a transporter.
 23418 | Gauntlet | Found a transporter.
 23420 | Gauntlet | Found a transporter.
 23448 | Gauntlet | Found a large runed translucent door.
 23450 | Gauntlet | Found a large runed translucent door.
 23451 | Gauntlet | Found a large runed translucent door.
 23451 | Gauntlet | Found a large runed translucent door.
 23451 | Gauntlet | Found a large runed translucent door.
 23451 | Gauntlet | Found a large runed translucent door.
 23451 | Gauntlet | Found a large runed translucent door.
 23451 | Gauntlet | Found a large runed translucent door.
 23452 | Gauntlet | Found a runed translucent door.
 23452 | Gauntlet | Found a runed translucent gate.
 23453 | Gauntlet | Found a runed translucent gate.
 23453 | Gauntlet | Found a transporter.
 23454 | Gauntlet | Found a runed translucent door.
 23454 | Gauntlet | Found a runed translucent gate.
 23455 | Gauntlet | Found a transporter.
 23455 | Gauntlet | Found a transporter.
 23474 | Gauntlet | Found a transporter.
 23479 | Gauntlet | Found a runed translucent door.
 23483 | Gauntlet | Found a transporter.
 23506 | Gauntlet | Found a transporter.
 23510 | Gauntlet | Found a transporter.
 23546 | Gauntlet | Found a large runed translucent door.
 23547 | Gauntlet | Found a large runed translucent door.
 23547 | Gauntlet | Found a large runed translucent door.
 23548 | Gauntlet | Found a large runed translucent door.
 23548 | Gauntlet | Found a large runed translucent door.
 23548 | Gauntlet | Found a large runed translucent door.
 23548 | Gauntlet | Found a large runed translucent door.
 23552 | Gauntlet | Found a large runed translucent door.
 23642 | Gauntlet | Offered knowledge of Conjure Ball Lightning by Vehumet.
 23647 | Gauntlet | Got a pair of distressingly furry gloves
 23658 | Gauntlet | Identified the -5 pair of gloves of the Other World {Int+3}
                  | (You found it in a Gauntlet)
 23828 | Gauntlet | Got a pitted brass ring
 23830 | Gauntlet | Identified the ring "Nacuw" {+Blink MP+9 Str+2 Dex+4 SInv}
                  | (You found it in a Gauntlet)
 24754 | Lair:5   | Learned a level 6 spell: Starburst
 24761 | Lair:5   | Learned a level 6 spell: Iron Shot
 25059 | Lair:6   | Entered Level 6 of the Lair of Beasts
 25872 | Lair:6   | Reached skill level 10 in Fire Magic
 25872 | Lair:6   | Noticed Nessos
 26219 | Lair:6   | Killed Nessos
 26219 | Lair:6   | Reached skill level 5 in Charms
 26741 | Lair:6   | Killed from afar by a fire dragon

Illustrated notes

Levels and vault maps discovered:
D:1:      minmay_arrival_three_doors, layout_rooms, minmay_pentomino_q4
D:2:      layout_basic, nicolae_qazlal_style_of_elements, uniq_terence,
          uniq_crazy_yiuf_cottage
D:3:      layout_basic, ebering_ghost_disaster_area, kennysheep_another_room,
          minmay_misc_feat_roman, uniq_sigmund
D:4:      minmay_spotlight, layout_loops_ring, lemuel_round_altar,
          minmay_temple_entry_arrows, first_ration, uniq_robin
D:5:      layout_basic
D:6:      layout_rooms, basic_altar
D:7:      layout_rooms, kennysheep_mini_moat, dancing_weapons_uskayaw,
          nicolae_dithmenos_the_darkroom
D:8:      minmay_the_grid_four_pointed_star
          [minmay_the_grid_triangle_9x9_sparse_checkered,
          minmay_the_grid_triangle_9x9_empty,
          minmay_the_grid_triangle_9x9_impossible_snake,
          minmay_the_grid_triangle_9x9_flanged_cone,
          minmay_the_grid_prize_four_corners], layout_cave_pools,
          old_standard_altar, lemuel_crystal_altar,
          ashenzari_conservatory_becter, david_nohive_1, uniq_grum, uniq_psyche,
          uniq_harold, uniq_maurice
D:9:      layout_irregular_city, elyvilon_altar_5, lemuel_round_altar,
          basic_altar, hangedman_tree_tricks, lemuel_mausoleum_altar_yredelemnul
D:10:     layout_roguey, dpeg_oklobed_lair, uniq_erolcha
D:11:     layout_gridville, grunt_decor_cap
D:12:     layout_gridville, orc_0_dummy, nicolae_good_shop, uniq_josephine
D:13:     layout_rooms
Temple:   zaba_magenta_temple
Lair:1:   beast_lair_carwin_large_1, layout_gridlike
Lair:2:   layout_gridlike, portal_ice_cave_entry_ice_beasts, uniq_fannar
Lair:3:   pond_and_an_island_with_a_cottage, layout_chaotic_city,
          elwin_shoals_entry_rocks, minmay_snake_entry_six_corridors, uniq_snorg
Lair:4:   layout_cave_pods, lemuel_fruit_tree, grunt_megastairs_2,
          lemuel_fruit_fields, minmay_lair_oklob_chamber
Lair:5:   layout_misc_corridors, slime_altar_2, gauntlet_entry_generic,
          minmay_hedge_maze, grunt_megastairs_1
Lair:6:   hangedman_lair_tendril_chambers, layout_regular_city,
          guppyfry_lair_end_dragon, bobbens_ice_dragon_lair, uniq_nessos

Skill      XL: |  1  2  3  4  5  6  7  8  9 10 11 12 13 14 |
---------------+-------------------------------------------+-----
Conjurations   | 5 6 7 8 9 10 12 13 14 | 14.0
Spellcasting   | 4 5 7 10 12 14 | 14.8
Fighting       | 1 3 4 6 7 8 |  8.6
Dodging        | 3 5 8 9 |  9.1
Hexes          | 1 4 9 10 | 10.0
Translocations | 3 6 7 8 |  8.1
Shields        | 1 5 |  5.0
Fire Magic     | 6 10 | 10.5
Axes           | 1 |  1.0
Charms         | 5 |  5.7
Stealth        | |  2.4
Evocations     | |  0.7

Action                   |  1- 3 |  4- 6 |  7- 9 | 10-12 | 13-15 || total
-------------------------+-------+-------+-------+-------+-------++-------
Melee: Falchion          |       |       |     2 |    25 |       ||    27
       Hand axe          |       |       |       |       |     1 ||     1
       Staff             |       |       |       |       |     6 ||     6
 Cast: Magic Dart        |    86 |   149 |   133 |   189 |   109 ||   666
       Searing Ray       |     2 |    26 |    52 |   134 |   109 ||   323
       Fulminant Prism   |       |       |    12 |    49 |    76 ||   137
       Iskenderun's Myst |       |       |     1 |    85 |   114 ||   200
       Conjure Flame     |       |       |       |     2 |     9 ||    11
       Fireball          |       |       |       |       |    66 ||    66
       Swiftness         |       |       |       |       |     3 ||     3
       Iron Shot         |       |       |       |       |     3 ||     3
Evoke: Wand              |       |       |       |       |     1 ||     1
       Staff of energy   |       |       |       |       |     1 ||     1
  Use: Scroll            |       |     2 |     1 |    20 |    14 ||    37
       Potion            |       |       |       |       |     3 ||     3
  Eat: Chunk             |     2 |    13 |     7 |    21 |    22 ||    65
       Ration            |       |       |       |     2 |     2 ||     4
Armor: Robe              |     6 |     6 |    10 |    25 |    19 ||    66
       Animal skin       |       |       |       |       |     3 ||     3
Dodge: Dodged            |    20 |    28 |    46 |   104 |   130 ||   328
Block: Buckler           |       |       |       |       |    18 ||    18
       Rpst.: Falchion   |       |       |    17 |    23 |       ||    40

Table legend:
 A = Non-vault XP
 B = Vault XP
 C = Vault XP percentage of total XP
 D = Non-vault monster count
 E = Vault monster count
 F = Vault count percentage of total count
                 A         B        C        D         E       F
            +---------+---------+-------+---------+---------+-------
      Total |   46955 |   47110 |  50.1 |     391 |     217 |  35.7
            +---------+---------+-------+---------+---------+-------
        D:1 |      58 |       4 |   6.5 |      28 |       2 |   6.7
        D:2 |      26 |      78 |  75.0 |      14 |       2 |  12.5
        D:3 |     191 |       0 |   0.0 |      35 |       0 |   0.0
        D:4 |     146 |      32 |  18.0 |      22 |      10 |  31.2
        D:5 |      45 |       0 |   0.0 |       6 |       0 |   0.0
        D:6 |     383 |       0 |   0.0 |      14 |       0 |   0.0
        D:7 |    1375 |    1204 |  46.7 |      36 |       8 |  18.2
        D:8 |     893 |    3617 |  80.2 |      18 |      28 |  60.9
        D:9 |    1383 |    1735 |  55.6 |      18 |      14 |  43.8
       D:10 |    2394 |    1287 |  35.0 |      24 |       2 |   7.7
       D:11 |    2846 |       0 |   0.0 |      26 |       0 |   0.0
       D:12 |    4258 |    2117 |  33.2 |      32 |       6 |  15.8
       D:13 |    2012 |       0 |   0.0 |       6 |       0 |   0.0
     Lair:1 |    3309 |    1034 |  23.8 |      19 |       7 |  26.9
     Lair:2 |    4370 |    2236 |  33.8 |      15 |      10 |  40.0
     Lair:3 |    4002 |    3993 |  49.9 |      16 |      19 |  54.3
     Lair:4 |    4531 |    3974 |  46.7 |      22 |       9 |  29.0
     Lair:5 |   10962 |     715 |   6.1 |      28 |       4 |  12.5
     Lair:6 |    3771 |   10992 |  74.5 |      12 |      41 |  77.4
      IceCv |       0 |   10837 | 100.0 |       0 |      44 | 100.0
   Gauntlet |       0 |    3255 | 100.0 |       0 |      11 | 100.0
            +---------+---------+-------+---------+---------+-------
